[Event "*** Titled Tuesday Blitz"]
[Site "Chess.com"]
[Date "2018.11.06"]
[Round "10"]
[White "Jbd735"]
[Black "jcibarra"]
[Result "0-1"]
[WhiteElo "2497"]
[BlackElo "2642"]
[TimeControl "180+2"]
[EndTime "15:18:01 PST"]
[Termination "jcibarra won by resignation"]

1. e4 c5 2. Nf3 e6 3. d4 cxd4 4. Nxd4 Bc5 5. Nb3 Bb6 6. Bd3 Ne7 7. O-O O-O 8. N1d2 f5 9. Nc4 Bc7 10. e5 f4 11. Nd4 Nbc6 12. Nb5 Bxe5 13. Bxh7+ Kxh7 14. Nxe5 Nxe5 15. Qh5+ Kg8 16. Qxe5 Rf5 17. Qc7 Qxc7 18. Nxc7 Rb8 19. a4 a6 20. b4 d5 21.
Re1 Kf7 22. b5 Bd7 23. bxa6 bxa6 24. Nxa6 Rc8 25. Ra2 Rc4 26. Bd2 Bxa4 27. Nb4 Bd7 28. Nd3 Nc6 29. f3 g5 30. Rb1 Ke7 31. Rb7 Kd6 32.
Bc1 Nd4 33. Ra6+ Ke7 34. Ba3+ Ke8 35. Ra8+ Rc8 36. Rxc8+ Bxc8 37. Re7+ Kd8 38. Rg7 Nxc2 39. Nc5 Nxa3 40. Rg8+ Kc7 0-1

[Event "*** Titled Tuesday Blitz"]
[Site "Chess.com"]
[Date "2018.11.06"]
[Round "10"]
[White "kleinebeer98"]
[Black "kuli4ik"]
[Result "1-0"]
[WhiteElo "2659"]
[BlackElo "2785"]
[TimeControl "180+2"]
[EndTime "15:18:02 PST"]
[Termination "kleinebeer98 won by resignation"]

1. e4 e6 2. d4 d5 3. Bd3 dxe4 4. Bxe4 Nf6 5. Bf3 Nbd7 6. Ne2 Bd6 7. O-O O-O 8. c4 c6 9. Nbc3 e5 10. Bg5 h6 11.
Bh4 g5 12. Bg3 g4 13. Be4 Re8 14. Bc2 Nh5 15. Qd3 Nf8 16. dxe5 Bc7 17. Qxd8 Rxd8 18. Rfe1 Be6 19. Nf4 Nxg3 20. hxg3 Bxc4 21. Nh5 Be6 22. Re4 Rd2 23. Bb3 Bf5 24. Rf4 Bg6 25. Rxg4 Bxe5 26. Re1 Bd4 27. Ne4 Kh8 28. Nxd2 Bxb2 29. Nf4 Bf5 30.
Rh4 Bc3 31. Re2 Rd8 32. Ne4 Bg7 33. Ng5 Rd4 34. Nxf7+ Kh7 35. Nxh6 Bxh6 36. Re7+ 1-0

[Event "*** Titled Tuesday Blitz"]
[Site "Chess.com"]
[Date "2018.11.06"]
[Round "10"]
[White "Blagorod"]
[Black "Perecke"]
[Result "1-0"]
[WhiteElo "2101"]
[BlackElo "1986"]
[TimeControl "180+2"]
[EndTime "15:18:02 PST"]
[Termination "Blagorod won by resignation"]

1. e4 e5 2. Nf3 Nc6 3. Bb5 a6 4. Ba4 Nf6 5. O-O Be7 6. d3 b5 7. Bb3 d6 8. a4 Bb7 9. Nc3 b4 10. Nd5 O-O 11. a5 Nxd5 12. Bxd5 Qd7 13. Bd2 Rab8 14. Qe1 Nd4 15. Nxd4 Bxd5 16. exd5 exd4 17. Bxb4 Rfe8 18. Qd2 Qb5 19. c3 Qxd5 20. cxd4 Bf6 21.
Rac1 Rb7 22. Bc3 Bxd4 23. Bxd4 Qxd4 24. Rfe1 Reb8 25. Re7 Rxb2 26. Qe1 Kf8 27. Rexc7 Re8 28. Rc8 Re2 29. Qxe2 1-0

[Event "*** Titled Tuesday Blitz"]
[Site "Chess.com"]
[Date "2018.11.06"]
[Round "10"]
[White "AndrewMcStone"]
[Black "mitrabhaa"]
[Result "0-1"]
[WhiteElo "2145"]
[BlackElo "2589"]
[TimeControl "180+2"]
[EndTime "15:18:13 PST"]
[Termination "mitrabhaa won on time"]

1. d4 c5 2. d5 d6 3. c4 Nf6 4. Nc3 g6 5. e4 Bg7 6. Nge2 O-O 7. Ng3 Na6 8. Be2 Nc7 9. O-O a6 10. a4 Bd7 11. Rb1 b5 12. axb5 axb5 13. cxb5 Rb8 14.
Qa4 Na8 15. b4 Nb6 16. Qb3 c4 17. Bxc4 Qc7 18. Be2 Rfc8 19. Bd2 Nc4 20. Bxc4 Qxc4 21. Qxc4 Rxc4 22. Rfc1 Ng4 23. Nce2 Bxb5 24. Rxc4 Bxc4 25. f3 Ne5 26. Bc3 Bb5 27. f4 Nd3 28. Bxg7 Kxg7 29.
Nd4 Nxf4 30. Nc6 Rb7 31. Kf2 e6 32. Kf3 Nd3 33. Nd4 Ne5+ 34. Kf2 exd5 35. exd5 Bc4 36. Ne4 Nd3+ 37. Ke3 Nxb4 38. Nxd6 Nxd5+ 39. Ke4 Rxb1 40. Nxc4 Nf6+ 41. Kf3 Rb4 0-1

[Event "*** Titled Tuesday Blitz"]
[Site "Chess.com"]
[Date "2018.11.06"]
[Round "10"]
[White "Saitama_Hero"]
[Black "BIG_Pirate"]
[Result "1-0"]
[WhiteElo "2355"]
[BlackElo "2389"]
[TimeControl "180+2"]
[EndTime "15:18:13 PST"]
[Termination "Saitama_Hero won by resignation"]

1. d4 d5 2. c4 c6 3. cxd5 cxd5 4. Nc3 Nf6 5. f3 Nc6 6. e4 e6 7. e5 Nd7 8. f4 g6 9. Nf3 a6 10. Be3 b5 11. Rc1 Bb7 12. Bd3 Nb6 13. O-O Nc4 14.
Qe2 Nxe3 15. Qxe3 Be7 16. g4 h5 17. h3 hxg4 18. hxg4 Na5 19. b3 Ba3 20. Rc2 Rc8 21.
Ne2 Rxc2 22. Bxc2 Nc6 23. Ng3 Kd7 24. Ng5 Qe8 25. f5 gxf5 26. gxf5 Kc7 27. fxe6 fxe6 28.
Rf6 Bc8 29. Bg6 Qd7 30. Nxe6+ Kb8 31. Nf4 Be7 32. Bf5 Qe8 33. Rg6 Qf8 34. Rxc6 Bxf5 35. Qc3 Rg8 36. Rb6+ Ka7 37. Qc7+ 1-0

[Event "*** Titled Tuesday Blitz"]
[Site "Chess.com"]
[Date "2018.11.06"]
[Round "10"]
[White "ZeroRealtorFade"]
[Black "DiogenesSinopeus"]
[Result "1-0"]
[WhiteElo "2231"]
[BlackElo "2392"]
[TimeControl "180+2"]
[EndTime "15:18:15 PST"]
[Termination "ZeroRealtorFade won by resignation"]

1. d4 Nf6 2. Bf4 d5 3. e3 e6 4. c3 c5 5. Nd2 Nc6 6. Ngf3 Bd6 7.
Bg3 O-O 8. Bb5 Be7 9. Bxc6 bxc6 10. O-O cxd4 11. exd4 c5 12. Re1 cxd4 13. Nxd4 Bd6 14. Nc6 Qc7 15. Ne5 Nd7 16. Ndf3 f6 17. Nxd7 Bxd7 18. Bxd6 Qxd6 19. Qd2 Rab8 20. Rad1 Rfd8 21. c4 Bc6 22. Nd4 dxc4 23. Rxe6 Rxb2 24. Qe1 Qxd4 25. Rxd4 Rxd4 26. Rxc6 h6 27. Qe6+ 1-0

[Event "*** Titled Tuesday Blitz"]
[Site "Chess.com"]
[Date "2018.11.06"]
[Round "10"]
[White "danyuffa"]
[Black "eljanov"]
[Result "1-0"]
[WhiteElo "2705"]
[BlackElo "2830"]
[TimeControl "180+2"]
[EndTime "15:18:21 PST"]
[Termination "danyuffa won by resignation"]

1. d4 Nf6 2. c4 e6 3. g3 d5 4. Bg2 Bb4+ 5. Bd2 Bd6 6. Nc3 c6 7.
e4 dxe4 8. Nxe4 Nxe4 9. Bxe4 Nd7 10.
Nf3 c5 11. Bc3 O-O 12. Bc2 b6 13. Qd3 f5 14. O-O-O Bb7 15. Rhe1 Nf6 16. Rxe6 Be4 17. Qe2 Qd7 18. d5 Bxc2 19. Qxc2 Ne4 20. Be5 Be7 21. g4 b5 22. gxf5 Ng5 23. Nxg5 Bxg5+ 24. f4 Bf6 25. cxb5 Qxb5 26. Bxf6 Rxf6 27. d6 Rd8 28. Qe4 Rf7 29.
d7 Rdxd7 30. Re8+ Rf8 31. Qe6+ Rf7 32. Rxf8+ 1-0

[Event "*** Titled Tuesday Blitz"]
[Site "Chess.com"]
[Date "2018.11.06"]
[Round "10"]
[White "Jenia84"]
[Black "Peroncio"]
[Result "0-1"]
[WhiteElo "2260"]
[BlackElo "2629"]
[TimeControl "180+2"]
[EndTime "15:18:28 PST"]
[Termination "Peroncio won by resignation"]

1. e4 e6 2. b3 d5 3. Bb2 a6 4. Bd3 Nf6 5. Nc3 c5 6. e5 Nfd7 7.
f4 g5 8. Qh5 gxf4 9. Nh3 Nc6 10. Nxf4 Ndxe5 11. Nxe6 Bxe6 12. O-O-O Rg8 13. Rde1 Nxd3+ 14. cxd3 Qg5 15. Rxe6+ Be7 16. Qxg5 Rxg5 17. Re2 O-O-O 18.
Rf1 f5 19. Nd1 d4 20. h4 Rh5 21. Ba3 b6 22. Nb2 b5 23. Rfe1 Bd6 24. Nd1 b4 25.
Bb2 Rxh4 26. a3 a5 27. axb4 axb4 28. Re6 Rg4 29. Rh1 Rd7 30. Rhh6 Kc7 31. Re2 Rdg7 32. Ree6 Rd7 33. Re2 Re7 34. Rxe7+ Nxe7 35. Rxh7 Rxg2 36. Kc2 f4 37. Rf7 Kd7 38. Rf6 Nd5 39. Bc1 Nxf6 0-1

[Event "*** Titled Tuesday Blitz"]
[Site "Chess.com"]
[Date "2018.11.06"]
[Round "10"]
[White "TomsKantans"]
[Black "51616516516"]
[Result "1-0"]
[WhiteElo "2493"]
[BlackElo "2255"]
[TimeControl "180+2"]
[EndTime "15:18:43 PST"]
[Termination "TomsKantans won by resignation"]

1. e4 c5 2. Nf3 g6 3. d4 cxd4 4. Qxd4 Nf6 5. Nc3 Nc6 6. Qa4 d6 7. e5 Ng4 8. exd6 Qxd6 9. Bb5 Bg7 10. O-O O-O 11. Rd1 Qc5 12. Ne4 Qb6 13. h3 Nge5 14.
Nxe5 Nxe5 15. Be3 Qc7 16. f4 Nc6 17. Bxc6 bxc6 18. c3 Bf5 19. Rd2 a5 20. Rad1 Bxe4 21. Qxe4 Rfd8 22. Rxd8+ Rxd8 23. Rxd8+ Qxd8 24. Qxc6 Qd1+ 25. Kh2 Qe2 26. Qa8+ Bf8 27. Bd4 Qd2 28. Qe4 Qxb2 29. Qe5 f6 30. Qxa5 Qd2 31. Qd5+ 1-0

[Event "*** Titled Tuesday Blitz"]
[Site "Chess.com"]
[Date "2018.11.06"]
[Round "10"]
[White "MITerryble"]
[Black "Bryakin_Mikhail"]
[Result "1-0"]
[WhiteElo "2765"]
[BlackElo "2691"]
[TimeControl "180+2"]
[EndTime "15:18:46 PST"]
[Termination "MITerryble won on time"]

1. e4 c6 2. Nf3 d5 3. exd5 cxd5 4.
Ne5 Nc6 5. Bb5 Qc7 6. d4 e6 7. O-O Bd6 8. Re1 Ne7 9. Nc3 Bd7 10. Nxd7 Qxd7 11. Ne2 a6 12. Bd3 O-O 13. c3 b5 14.
a3 Na5 15. Ng3 Nc4 16. Nh5 Ng6 17. Bh6 Nxb2 18. Qc2 Nxd3 19. Qxd3 Be7 20. Bxg7 Rfc8 21. Nf6+ Bxf6 22. Bxf6 Qd6 23. Re3 Qf4 24. Rf3 Qe4 25. Qd2 Kf8 26. Re1 Qg4 27. Qh6+ Ke8 28. Qxh7 Nf8 29.
Qh6 Qg6 30. Qf4 Kd7 31. Bh4 f5 32. Bg3 Rc6 33. Bh4 Re8 34. Rg3 Qf7 35. Qh6 Kd6 36. Rg7 1-0

[Event "*** Titled Tuesday Blitz"]
[Site "Chess.com"]
[Date "2018.11.06"]
[Round "10"]
[White "MFBerna"]
[Black "Koksik_13"]
[Result "0-1"]
[WhiteElo "2390"]
[BlackElo "2746"]
[TimeControl "180+2"]
[EndTime "15:18:52 PST"]
[Termination "Koksik_13 won by resignation"]

1. e4 e6 2. d4 d5 3. exd5 exd5 4. Qf3 Nc6 5. c3 Nf6 6. h3 Be7 7. Bd3 Be6 8. Ne2 Qd7 9. Bf4 O-O 10. O-O Ne4 11.
Bxe4 dxe4 12. Qxe4 Rae8 13. Nd2 f6 14. Be3 Bf7 15. Ng3 Bd6 16. Qf3 Ne7 17. c4 c6 18.
b3 b5 19. Rac1 Ba3 20. Rcd1 Bb4 21. Rc1 Ba3 22. Rcd1 Bb4 23. Rc1 Ng6 24. Nf5 bxc4 25. bxc4 Be6 26. Ng3 f5 27. Nh5 f4 28. Bxf4 Nxf4 29.
Nxf4 Bxd2 30. g3 0-1

[Event "*** Titled Tuesday Blitz"]
[Site "Chess.com"]
[Date "2018.11.06"]
[Round "10"]
[White "xamax2000"]
[Black "pastouche06"]
[Result "1-0"]
[WhiteElo "2501"]
[BlackElo "2439"]
[TimeControl "180+2"]
[EndTime "15:18:53 PST"]
[Termination "xamax2000 won by resignation"]

1. e4 c6 2. d4 d5 3. Nd2 dxe4 4.
Nxe4 Nf6 5. Nxf6+ exf6 6. c3 Bd6 7. Bd3 O-O 8. Qc2 Re8+ 9. Ne2 h5 10. O-O h4 11. Bd2 h3 12. Rfe1 hxg2 13. Nf4 Rxe1+ 14. Rxe1 Nd7 15. Bh7+ Kh8 16. Ng6+ fxg6 17. Bxg6 Nf8 18. Re8 Qd7 19. Qe4 Qh3 20. Bf4 Bf5 21. Bxf5 Rxe8 22.
Qxe8 Qxf5 23. Bxd6 Qb1+ 24. Kxg2 Qg6+ 25. Qxg6 Nxg6 26.
Kf3 Kg8 27. Ke4 Kf7 28. d5 Ke8 29. Bb8 a6 30. dxc6 bxc6 31. Kd4 Kd7 32. Kc5 Kc8 33.
Bg3 Kb7 34. Kd6 f5 35. f4 1-0

[Event "*** Titled Tuesday Blitz"]
[Site "Chess.com"]
[Date "2018.11.06"]
[Round "10"]
[White "alishersuleymenov"]
[Black "twitchTriniCupid"]
[Result "1-0"]
[WhiteElo "2481"]
[BlackElo "2251"]
[TimeControl "180+2"]
[EndTime "15:18:54 PST"]
[Termination "alishersuleymenov won by resignation"]

1. d4 Nf6 2. c4 e6 3. g3 Bb4+ 4. Bd2 Be7 5. Nf3 b6 6. Bg2 Ba6 7. Qb3 O-O 8. O-O Nc6 9. Rc1 Na5 10. Bxa5 bxa5 11. Qc2 c5 12. Ne5 Rb8 13. d5 Qc7 14.
Nd3 Rfe8 15. Nd2 Bf8 16. e4 d6 17. Rab1 Rb6 18. h3 Reb8 19. b3 a4 20. bxa4 Rxb1 21. Rxb1 Rxb1+ 22. Qxb1 exd5 23. cxd5 Qa5 24. Qc2 Bxd3 25.
Qxd3 Qxa4 26. Qb3 Qd4 27. Qc2 a5 28. Nc4 a4 29. Kh2 h5 30. f4 g6 31. Bf3 Bh6 32.
h4 Bf8 33. Kg2 Ng4 34. Bxg4 hxg4 35. Na5 f5 36. Nc6 Qc4 37. Qxc4 1-0

[Event "*** Titled Tuesday Blitz"]
[Site "Chess.com"]
[Date "2018.11.06"]
[Round "10"]
[White "NateSolon"]
[Black "champ2005"]
[Result "1-0"]
[WhiteElo "2535"]
[BlackElo "2722"]
[TimeControl "180+2"]
[EndTime "15:18:56 PST"]
[Termination "NateSolon won by resignation"]

1. e4 c5 2. Nc3 d6 3. d4 cxd4 4. Qxd4 a6 5. Be3 Nc6 6. Qd2 Nf6 7. f3 g6 8. g4 h5 9. g5 Nd7 10.
O-O-O Bg7 11. Bc4 O-O 12. f4 b5 13. Bd5 Bb7 14. Nf3 b4 15. Ne2 e6 16. Bb3 Nc5 17. Bxc5 dxc5 18. Qe3 Qe7 19. e5 Na5 20. Ng3 Bc6 21.
Nd2 Bxh1 22. Rxh1 Rac8 23. Bc4 Rfd8 24. Nge4 Rd4 25. Bxa6 Ra8 26. Be2 Qd7 27. Nf6+ Bxf6 28. gxf6 Qd5 29. Rg1 Qxa2 30. f5 exf5 31. Qh6 1-0

[Event "*** Titled Tuesday Blitz"]
[Site "Chess.com"]
[Date "2018.11.06"]
[Round "10"]
[White "iturrizaga"]
[Black "nubair1198"]
[Result "0-1"]
[WhiteElo "2756"]
[BlackElo "2603"]
[TimeControl "180+2"]
[EndTime "15:19:03 PST"]
[Termination "nubair1198 won by resignation"]

1. Nf3 d5 2. c4 d4 3. b4 f6 4.
e3 e5 5. c5 a5 6. Bb5+ c6 7. Bc4 axb4 8. Qb3 Nh6 9. O-O dxe3 10. fxe3 Bxc5 11. Kh1 Qe7 12. d4 Bd6 13. dxe5 fxe5 14.
e4 b5 15. Bd3 Nf7 16. Qc2 O-O 17. Nbd2 Be6 18. Nb3 Nd7 19. Qxc6 Bxb3 20. Bxb5 Be6 21. Qc2 Nf6 22. Bg5 Rxa2 23. Rxa2 b3 24. Bxf6 gxf6 25. Qe2 bxa2 26. Bc4 Ra8 27. Ra1 Bxc4 28. Qxc4 Qa7 29. h4 Qa4 30. Qd5 Bb4 31. Kh2 Bc3 32.
Rf1 a1=Q 33. Ng5 Q1a2 34. Qb7 fxg5 35. h5 Qe6 36. Rf5 Qxf5 37. exf5 Qh4+ 0-1

[Event "*** Titled Tuesday Blitz"]
[Site "Chess.com"]
[Date "2018.11.06"]
[Round "10"]
[White "lucasmito"]
[Black "hypert"]
[Result "1-0"]
[WhiteElo "2514"]
[BlackElo "2381"]
[TimeControl "180+2"]
[EndTime "15:19:03 PST"]
[Termination "lucasmito won by checkmate"]

1. e4 c5 2. Nf3 Nc6 3. Bb5 e6 4.
Bxc6 bxc6 5. b3 f6 6. O-O Qc7 7. Ba3 Nh6 8. c4 Nf7 9. d4 cxd4 10. Bxf8 Kxf8 11. Qxd4 Ne5 12. Nxe5 fxe5 13. Qd2 h6 14. f4 Kg8 15. Nc3 d6 16. fxe5 dxe5 17. Rad1 Kh7 18. Rf3 Bb7 19. Qd7 Qb6+ 20. Kh1 Rad8 21. Qxe6 Rxd1+ 22. Nxd1 Rd8 23. Nc3 Qd4 24. h3 c5 25. Nd5 Qxe4 26.
Nf6+ gxf6 27. Qf7+ Kh8 28. Qxf6+ Kh7 29. Qe7+ Kh8 30. Qxd8+ Kg7 31. Qf8+ Kh7 32. Rf7+ Kg6 33. Rf6+ Kh7 34. Rxh6# 1-0

[Event "*** Titled Tuesday Blitz"]
[Site "Chess.com"]
[Date "2018.11.06"]
[Round "10"]
[White "abubakrtagelsir"]
[Black "Mbneu"]
[Result "1-0"]
[WhiteElo "2360"]
[BlackElo "2278"]
[TimeControl "180+2"]
[EndTime "15:19:12 PST"]
[Termination "abubakrtagelsir won by resignation"]

1. e4 c5 2. Nc3 d6 3. f4 Nd7 4.
Nf3 h6 5. a4 g5 6. fxg5 Bg7 7.
d4 cxd4 8. Nxd4 a6 9. g6 fxg6 10. Ne6 Qa5 11. Nxg7+ Kf7 12. Nf5 gxf5 13. Qh5+ Kg7 14.
exf5 Ne5 15. Bd2 Nf6 16. Qh4 Bxf5 17. Ne4 Qd5 18. Nxf6 exf6 19. c4 Qe4+ 20. Qxe4 Bxe4 21. Bc3 Rac8 22. O-O-O Rhd8 23. Rd4 f5 24. Be2 Kf6 25.
Rhd1 Ke6 26. Bf1 Rc6 27. h3 Rg8 28. g4 Nf3 29. gxf5+ Kxf5 30. Rxd6 Rg1 31. Rxc6 bxc6 32. Be2 Rxd1+ 33. Kxd1 Ng5 34. h4 Nf3 35. h5 Kg4 36. c5 Kxh5 37. Bxa6 Kg4 38. Bc8+ Kf4 39. a5 Bd3 40. a6 Bxa6 41. Bxa6 h5 42. Bb7 1-0

[Event "*** Titled Tuesday Blitz"]
[Site "Chess.com"]
[Date "2018.11.06"]
[Round "10"]
[White "pulvettd"]
[Black "KenanGarayev"]
[Result "0-1"]
[WhiteElo "2518"]
[BlackElo "2724"]
[TimeControl "180+2"]
[EndTime "15:19:13 PST"]
[Termination "KenanGarayev won by checkmate"]

1. e4 c5 2. Nf3 d6 3. d4 Nf6 4.
Nc3 cxd4 5. Nxd4 g6 6. f4 Nc6 7. Nxc6 bxc6 8. e5 Nd7 9. exd6 exd6 10. Be3 Be7 11. Qf3 d5 12. O-O-O Qa5 13. g4 Rb8 14. Bd4 O-O 15. h4 Qb4 16. b3 Bf6 17. Bxf6 Nxf6 18. Rg1 Bxg4 19. Rxg4 Nxg4 20. Nxd5 cxd5 21. Qxg4 Rfc8 22.
Bd3 a5 23. h5 Rc6 24. hxg6 hxg6 25. Rh1 Qc3 26. Qh3 Re8 27. Qh7+ Kf8 28. Qh6+ Kg8 29. Qh7+ Kf8 30. Qh6+ Ke7 31. Qg5+ Kd6 32. Rd1 Qa1+ 33. Kd2 Qd4 34. Kc1 Rc5 35. Bc4 Qa1+ 36. Kd2 Qb2 37. Bd3 Qc3+ 38. Kc1 a4 39. f5 axb3 40. axb3 Ra8 41. Qf4+ Kc6 42. Ba6 Qxc2# 0-1

[Event "*** Titled Tuesday Blitz"]
[Site "Chess.com"]
[Date "2018.11.06"]
[Round "10"]
[White "dmosesov"]
[Black "nochewycandy"]
[Result "0-1"]
[WhiteElo "2343"]
[BlackElo "2245"]
[TimeControl "180+2"]
[EndTime "15:19:24 PST"]
[Termination "nochewycandy won on time"]

1. e4 g6 2. d4 Bg7 3. Nc3 d6 4. Be3 a6 5. f4 b5 6. Nf3 Nd7 7.
Bd3 c5 8. e5 Nh6 9. dxc5 Nxc5 10. Bxc5 dxc5 11. Be4 Bd7 12. Bxa8 Qxa8 13. Nd5 Qc6 14.
O-O e6 15. Ne3 O-O 16. c4 f6 17. Qd6 Qc8 18. exf6 Bxf6 19. Ne5 Bxe5 20. fxe5 Nf7 21. Qe7 Nxe5 22. Rxf8+ Qxf8 23. Qxf8+ Kxf8 24. Rc1 b4 25. a3 a5 26. axb4 axb4 27. Ra1 Ke7 28. Ra7 Kd6 29. Kf1 Nd3 30. b3 Nc1 31. Ng4 Nxb3 32.
Nf6 Bc6 33. Nxh7 Nd2+ 34. Ke2 Nxc4 35. Nf8 Bxg2 36. Nxg6 b3 37. Ra1 b2 38. Rg1 Be4 39. Nf4 b1=Q 40. Rxb1 Bxb1 41. h4 Ke5 42. Kf3 Kf5 43.
Ne2 Be4+ 44. Kf2 e5 0-1

[Event "*** Titled Tuesday Blitz"]
[Site "Chess.com"]
[Date "2018.11.06"]
[Round "10"]
[White "DonPreuss"]
[Black "aRk_iN"]
[Result "1-0"]
[WhiteElo "2150"]
[BlackElo "2153"]
[TimeControl "180+2"]
[EndTime "15:19:26 PST"]
[Termination "DonPreuss won by checkmate"]

1. d4 d5 2. e4 dxe4 3. Nc3 Nf6 4. f3 Bf5 5. fxe4 Nxe4 6. Qf3 Nd6 7. Bf4 Qc8 8. O-O-O Nc6 9. h3 h5 10. Bxd6 cxd6 11.
Bb5 Bd7 12. Nge2 a6 13. Bc4 Be6 14. d5 Ne5 15. Qf2 Bf5 16. Bb3 b5 17. Nd4 Bg6 18. Rhe1 h4 19. Nc6 f6 20. Nd4 Bf7 21. Ne6 g6 22. Qb6 Bxe6 23. dxe6 Bh6+ 24. Kb1 Rb8 25. Qf2 Bg5 26. Ne4 a5 27. Nxg5 fxg5 28. Rxe5 Rf8 29. Qe3 dxe5 30. Qxg5 Rf6 31. Qh6 a4 32. Qh8+ Rf8 33. Qg7 axb3 34. Qxg6+ Rf7 35. Qxf7# 1-0

[Event "*** Titled Tuesday Blitz"]
[Site "Chess.com"]
[Date "2018.11.06"]
[Round "10"]
[White "Fins0905"]
[Black "VladDobrov"]
[Result "1-0"]
[WhiteElo "2626"]
[BlackElo "2716"]
[TimeControl "180+2"]
[EndTime "15:19:29 PST"]
[Termination "Fins0905 won on time"]

1. e4 c5 2. Nf3 Nc6 3. d4 cxd4 4. Nxd4 Qb6 5. Nb3 Nf6 6. Nc3 e6 7. Qe2 Bb4 8. Bd2 a5 9. a4 O-O 10. O-O-O d5 11. exd5 exd5 12. Be3 Qd8 13. Nb5 Re8 14. h3 Bf5 15. Qf3 Bg6 16. Bg5 Ne5 17. Bxf6 Qc8 18.
Qe2 Nc4 19. Qg4 Re6 20. Bc3 Na3 21. Bd3 Nxb5 22. axb5 Bxc3 23. bxc3 a4 24. Nd4 Qxc3 25. Nxe6 Rc8 26. Qd4 Qxc2+ 27. Bxc2 Rxc2+ 28. Kb1 fxe6 29. Ka1 a3 30. Rc1 1-0

[Event "*** Titled Tuesday Blitz"]
[Site "Chess.com"]
[Date "2018.11.06"]
[Round "10"]
[White "Alopekos"]
[Black "Kawhi_Leonard2"]
[Result "0-1"]
[WhiteElo "2484"]
[BlackElo "2303"]
[TimeControl "180+2"]
[EndTime "15:19:40 PST"]
[Termination "Kawhi_Leonard2 won on time"]

1. e4 c5 2. Nf3 d6 3. d4 cxd4 4.
Nxd4 Nf6 5. Nc3 g6 6. Be3 Bg7 7. f3 Nc6 8. Qd2 O-O 9. O-O-O d5 10. Nxc6 bxc6 11. Bc4 e6 12. Bb3 Bb7 13. Na4 Nd7 14. h4 Qc7 15. Bf4 e5 16. Bh6 d4 17.
h5 Bf6 18. hxg6 hxg6 19. Bxf8 Nxf8 20. Nc5 a5 21. Kb1 Qe7 22. Nxb7 Qxb7 23. a4 Bg7 24. Qd3 Nd7 25. Qc4 Nb6 26. Qc5 Rb8 27. Qxa5 Nc4 28.
Qc5 Ne3 29. Rd2 Qc7 30. Qa3 c5 31. Bd5 c4 32. Ka1 Bf8 33. Qa2 c3 34. Bxf7+ Kg7 0-1

[Event "*** Titled Tuesday Blitz"]
[Site "Chess.com"]
[Date "2018.11.06"]
[Round "10"]
[White "Atanejhad"]
[Black "mouseWLZ"]
[Result "0-1"]
[WhiteElo "2224"]
[BlackElo "2285"]
[TimeControl "180+2"]
[EndTime "15:19:43 PST"]
[Termination "mouseWLZ won by resignation"]

1. d4 Nf6 2. c4 e6 3. Nf3 d5 4. e3 c5 5. Nc3 Nc6 6. Bd3 a6 7.
O-O Be7 8. a3 O-O 9. b3 dxc4 10.
bxc4 cxd4 11. exd4 h6 12. Bb2 b6 13. d5 Na5 14.
Qe2 Nb3 15. Rad1 Qc7 16. Ne4 Nc5 17. d6 Bxd6 18. Nxd6 Rd8 19. Ne4 Nfxe4 20. Bxe4 Nxe4 21. Qxe4 Bb7 22. Qg4 f5 23. Qg6 Qf7 24. Qxf7+ Kxf7 25. Ne5+ Ke7 26. Rfe1 g5 27. f3 Rac8 28. Kf2 b5 29.
Rxd8 Rxd8 30. Re2 bxc4 31. Nxc4 Rd3 32. Ne5 Rb3 33. Rd2 Bd5 34. Rc2 h5 35. Bc1 g4 36.
Rc7+ Kd6 37. Rd7+ Kxe5 38. Be3 f4 39. Bc5 gxf3 40. gxf3 Rxf3+ 41. Ke2 Rh3 42. Bd6+ Ke4 43. Rf7 Rxh2+ 44. Kf1 e5 45. Re7 Kf3 46. Ke1 Re2+ 47. Kd1 h4 48. Bxe5 h3 49. Bxf4 Rxe7 0-1

[Event "*** Titled Tuesday Blitz"]
[Site "Chess.com"]
[Date "2018.11.06"]
[Round "10"]
[White "Rashad_Zeynalli"]
[Black "Barcelona_Guy"]
[Result "1-0"]
[WhiteElo "2393"]
[BlackElo "2465"]
[TimeControl "180+2"]
[EndTime "15:19:43 PST"]
[Termination "Rashad_Zeynalli won on time"]

1. d4 Nf6 2. Bf4 d5 3. e3 c5 4. c3 Nc6 5. Nf3 e6 6. Nbd2 Bd6 7. Bg3 cxd4 8. exd4 O-O 9. Bd3 b6 10. Ne5 Bb7 11. f4 Ne7 12. Qf3 Nf5 13. Bf2 Be7 14.
Qh3 Nd6 15. O-O Nfe4 16. Rae1 f5 17. Ndf3 Rc8 18. Bh4 Bxh4 19. Nxh4 b5 20. Nhf3 a5 21. Bxe4 dxe4 22. Ng5 h6 23. Nxe6 Qe7 24. Nxf8 Qxf8 25.
Re3 Bd5 26. Rg3 Kh7 27. Re1 Bxa2 28. Ree3 b4 29. Rg6 bxc3 30. bxc3 Rb8 31. Reg3 Rb1+ 32. Kf2 Rb2+ 33. Ke3 Bc4 34. Rxg7+ Qxg7 35. Rxg7+ Kxg7 36. d5 Re2+ 37. Kd4 Rd2+ 38. Ke3 Rc2 39. Qg3+ Kf8 40. Qg6 Rxc3+ 41. Kd2 1-0

[Event "*** Titled Tuesday Blitz"]
[Site "Chess.com"]
[Date "2018.11.06"]
[Round "10"]
[White "dretch"]
[Black "BilodeauA"]
[Result "1-0"]
[WhiteElo "2801"]
[BlackElo "2833"]
[TimeControl "180+2"]
[EndTime "15:19:47 PST"]
[Termination "dretch won by checkmate"]

1. d4 d5 2. c4 dxc4 3. e3 e5 4.
Bxc4 Nc6 5. Nf3 e4 6. Nfd2 Qg5 7. g3 Nf6 8. Nc3 Qg6 9. Nd5 Nxd5 10. Bxd5 Bf5 11. Qb3 Nb4 12. Bxb7 Rb8 13. Qa4+ Bd7 14. Qxa7 Nd3+ 15. Kf1 Rxb7 16. Qa8+ Ke7 17.
Qxb7 f5 18. b3 Qh5 19. Ba3+ Ke8 20. Qa8+ Kf7 21. h4 Bxa3 22. Qxa3 Bb5 23. Nc4 Qf3 24.
Rh2 Nxf2 25. Rxf2 Qh1+ 26. Ke2 Qxa1 27. Rxf5+ Kg6 28. Rxb5 Qh1 29. Ne5+ Kh5 30. Nd3+ Kh6 31. Nf4 Qf3+ 32. Kd2 Qf2+ 33. Kd1 Qf1+ 34. Kc2 Qxb5 35. Qe7 Ra8 36. a4 Qc6+ 37. Kb2 Rb8 38. Qg5# 1-0

[Event "*** Titled Tuesday Blitz"]
[Site "Chess.com"]
[Date "2018.11.06"]
[Round "10"]
[White "OparinGrigoriy"]
[Black "mishanick"]
[Result "1-0"]
[WhiteElo "2937"]
[BlackElo "2927"]
[TimeControl "180+2"]
[EndTime "15:19:50 PST"]
[Termination "OparinGrigoriy won by resignation"]

1. c4 e5 2. Nc3 Nf6 3. Nf3 Nc6 4. e3 Bb4 5. Qc2 Bxc3 6. Qxc3 Qe7 7. d4 Ne4 8. Qd3 exd4 9. Nxd4 O-O 10. Be2 Qb4+ 11. Kf1 Nc5 12. Qd2 Qb6 13. b4 Ne4 14. Qd3 Nxd4 15.
Qxd4 Qxd4 16. exd4 d6 17. f3 Nf6 18. Kf2 d5 19. c5 Bd7 20. a4 Rfe8 21. Bf4 Rac8 22.
Rhe1 Nh5 23. Bd2 g6 24. Bh6 Ng7 25. Bxg7 Kxg7 26. b5 Kf6 27. g4 g5 28. Bd3 h6 29. h4 Rxe1 30. Rxe1 Be6 31. Kg3 Rh8 32. f4 gxf4+ 33. Kxf4 Rg8 34. Rg1 Rg7 35. a5 b6 36.
c6 bxa5 37. Be2 Rg8 38. Ra1 Ra8 39. Rxa5 Ke7 40. g5 hxg5+ 41. Kxg5 Rg8+ 42. Kf4 Rg2 43. Ke3 Rg3+ 44. Kf2 Rh3 45. Rxa7 Kd6 46. h5 Rh4 47. Kg3 Rxd4 48. h6 Bf5 49. b6 Rd2 50. b7 Rb2 51. Ra8 Rxe2 52. b8=Q 1-0

[Event "*** Titled Tuesday Blitz"]
[Site "Chess.com"]
[Date "2018.11.06"]
[Round "10"]
[White "andrzej"]
[Black "GMHess"]
[Result "0-1"]
[WhiteElo "2252"]
[BlackElo "2651"]
[TimeControl "180+2"]
[EndTime "15:19:55 PST"]
[Termination "GMHess won by checkmate"]

1. d4 g6 2. e4 Bg7 3. Nc3 c6 4. h3 b5 5. a3 a5 6. Be3 d6 7. g4 Nd7 8. Bg2 Nb6 9. Nge2 Nc4 10.
Bc1 Bb7 11. O-O h5 12. g5 e6 13. f4 Ne7 14. b3 Nb6 15. Be3 d5 16. f5 gxf5 17. exf5 Nxf5 18. Qd2 Qd7 19. g6 fxg6 20. Nf4 O-O-O 21. Nxg6 Rhg8 22. Ne2 Bh6 23. Bxh6 Rxg6 24. Bf4 Nh4 25. Ng3 Nxg2 26. Qxg2 h4 27. Qd2 e5 28. dxe5 Qxh3 29. Qxa5 Rxg3+ 30. Bxg3 Qxg3+ 31. Kh1 Qh3+ 32. Kg1 Rg8+ 33. Kf2 Qg3+ 34. Ke2 Qxe5+ 35. Kd2 Rg2+ 36. Kd3 Qe4+ 37. Kc3 Rxc2# 0-1